 Dungeon Crawl Stone Soup version 0.19.1-1-g22dce08 (webtiles) character file.

44 sveltemanboy the Conjurer (level 3, -2/26 HPs)
             Began as a Draconian Wizard on Jan 5, 2017.
             Succumbed to a gnoll's poison
             ... on level 2 of the Dungeon.
             The game lasted 00:02:45 (1033 turns).

sveltemanboy the Conjurer (Draconian Wizard)        Turns: 1033, Time: 00:02:46

Health: -2/26      AC:  5    Str:  9    XL:     3   Next: 41%
Magic:  1/7        EV: 12    Int: 19    God:
Gold:   43         SH:  0    Dex:  9    Spells: 3 memorised, 2 levels left

rFire  . . .     SeeInvis .     h - -1 flail (curse)
rCold  . . .     Gourm    .     (armour unavailable)
rNeg   . . .     Faith    .     (no shield)
rPois  .         Spirit   .     a - +0 hat
rElec  .         Reflect  .     (no cloak)
rCorr  .         Harm     .     (no gloves)
MR     .....                    (no boots)
Stlth  ++........               (no amulet)
                                (no ring)
                                (no ring)

@: lethally poisoned (-2 -> -32), flying, very slightly contaminated
A: unfitting armour, cold-blooded, AC +5
a: no special abilities


You were on level 2 of the Dungeon.
You were hungry.

You visited 1 branch of the dungeon, and saw 2 of its levels.

You collected 43 gold pieces.

Inventory:

Hand Weapons
 h - a cursed -1 flail (weapon)
Armour
 a - a +0 hat (worn)
Books
 b - a book of Minor Magic

   Spells                             Type                      Level
   a - Magic Dart                     Conjuration                  1
   b - Blink                          Translocation                2
   c - Call Imp                       Summoning                    2
   d - Repel Missiles                 Charms/Air                   2
   e - Slow                           Hexes                        2
   f - Conjure Flame                  Conjuration/Fire             3
   g - Mephitic Cloud                 Conjuration/Poison/Air       3
Comestibles
 c - a bread ration
 f - a chunk of flesh
 g - a fruit


   Skills:
 - Level 1.7 Dodging
 - Level 1.7 Stealth
 - Level 3.0 Spellcasting
 + Level 3.4 Conjurations
 - Level 1.0 Summonings
   Level 1.0 Translocations


You had 2 spell levels left.
You knew the following spells:

 Your Spells              Type           Power        Failure   Level  Hunger
a - Magic Dart            Conj           ###.         4%          1    None
b - Call Imp              Summ           #.......     17%         2    ##.....
c - Mephitic Cloud        Conj/Pois/Air  #.......     34%         3    ###....


Dungeon Overview and Level Annotations

Branches:
Dungeon (2/15)

Altars:


Innate Abilities, Weirdness & Mutations

Your plain brown scales are hard. (AC +5)
You cannot fit into any form of body armour.
You are cold-blooded and may be slowed by cold attacks.


Message History

Your crimson imp misses the gnoll.
You barely miss the gnoll.
Your tail-slap misses the gnoll.
The gnoll is almost dead.
* * * LOW HITPOINT WARNING * * *
You feel sick.
The gnoll hits you with a spear of venom.
* * * LOW HITPOINT WARNING * * *
You are more poisoned.
Your shadow imp closely misses the gnoll.
Your crimson imp barely misses the gnoll.
It was a potion of flight.
You feel very buoyant.
You fly up into the air.
* * * LOW HITPOINT WARNING * * *
You feel sick. The gnoll completely misses you.
Your shadow imp closely misses the gnoll.
Your crimson imp hits the gnoll.
The gnoll dies!
You feel more buoyant.
You die...

#.# #.# #.# #.# #.# #.#
##.#####.# #.# ......##.#
#.# ##.##.##.###.#
#.##.##.#...# #.##.##....##
#.##.####..#############
#.##..# #......@)......#
##.###.###......55......#
.....................>....)
##.#.[...)..............###
#.#)#..##..............#
##.#.##.##..............#
...#.##.##..............#
####.# .##..............#
#)# ..


You could see a friendly crimson imp and a friendly shadow imp.

Vanquished Creatures
  2 giant cockroaches
  2 goblins (D:1)
  3 hobgoblins
  6 bats
  3 kobolds
  2 rats
18 creatures vanquished.

Vanquished Creatures (collateral kills)
  Terence (D:2)
  A gnoll (D:2)
2 creatures vanquished.

Grand Total: 20 creatures vanquished

Notes
Turn   | Place    | Note
-------+----------+-------------------------------------------
     0 | D:1      | sveltemanboy the Draconian Wizard began the quest for the Orb.
     0 | D:1      | Reached XP level 1. HP: 14/14 MP: 4/4
   328 | D:1      | Reached XP level 2. HP: 14/20 MP: 0/6
   384 | D:1      | Learned a level 2 spell: Call Imp
   778 | D:2      | Noticed Terence
   787 | D:2      | Killed Terence
   787 | D:2      | Reached XP level 3. HP: 26/26 MP: 0/7
   965 | D:2      | Learned a level 3 spell: Mephitic Cloud
  1032 | D:2      | HP: 1/26 [poisoned by a gnoll]
  1033 | D:2      | Succumbed to a gnoll's poison

Skill      XL: |  1  2 |
---------------+-------+-----
Conjurations   | 2 3 |  3.4
Dodging        | |  1.7
Stealth        | |  1.7
Spellcasting   | |  3.0
Summonings     | |  1.0
Translocations | |  1.0

Action                   || total
-------------------------++-------
Melee: Spear             ||    29
       Tailslap          ||     1
       Flail             ||    14
 Cast: Magic Dart        ||    36
       Call Imp          ||     3
  Use: Potion            ||     2
 Stab: Sleeping          ||     2
       Distracted        ||     1
Armor: Skin              ||    17
Dodge: Dodged            ||    31
